 Dungeon Crawl Stone Soup version 0.18.1-8-gdd0e5ea (webtiles) character file.

27507 Heskey the Fighter (level 13, 0/119 HPs)
             Began as a Red Draconian Berserker on June 4, 2016.
             Was a High Priest of Trog.
             Killed from afar by a white imp (5 damage)
             ... with a puff of frost
             ... on level 13 of the Dungeon on June 5, 2016.
             The game lasted 00:45:02 (21001 turns).

Heskey the Fighter (Red Draconian Berserker)       Turns: 21001, Time: 00:45:04

Health: 0/119      AC: 12    Str: 21    XL:     13   Next: 4%
Magic:  4/4        EV: 17    Int:  9    God:    Trog [*****.]
Gold:   573        SH: 14    Dex: 13    Spells: 0 memorised, 12 levels left

rFire  + . .     SeeInvis .     M - +4 rapier (antimagic)
rCold  . . .     Gourm    .     (armour unavailable)
rNeg   . . .     Faith    .     t - +2 shield
rPois  .         Spirit   .     (helmet restricted)
rElec  .         Dismiss  .     p - +1 cloak
rCorr  .         Reflect  .     U - +0 pair of gloves
SustAt .         Harm     .     E - +0 pair of boots
MR     +....                    (no amulet)
Stlth  ++........               (no ring)
                                x - ring of protection from magic

@: exhausted, slowed, very slow, somewhat resistant to hostile enchantments,
unstealthy
A: breathe fire, unfitting armour, fire resistance 1, cold-blooded, AC +8
a: Breathe Fire, Berserk, Trog's Hand, Brothers in Arms, Burn Spellbooks,
Renounce Religion


You were on level 13 of the Dungeon.
You worshipped Trog.
Trog was extremely pleased with you.
You were not hungry.

You visited 1 branch of the dungeon, and saw 13 of its levels.
You also visited: Labyrinth.

You collected 753 gold pieces.
You spent 180 gold pieces at shops.

Inventory:

Hand Weapons
 r - a +2 dagger of speed
 G - a +3 dagger
 M - a +4 antimagic rapier (weapon)
Missiles
 i - a throwing net
 n - 2 silver tomahawks (quivered)
Armour
 p - a +1 cloak (worn)
 t - a +2 shield (worn)
 E - a +0 pair of boots (worn)
 O - a +0 large shield
 R - a mottled dragon hide
 U - a +0 pair of gloves (worn)
Jewellery
 x - a ring of protection from magic (left hand)
Wands
 a - a wand of polymorph (8/24)
 e - a wand of polymorph (13/24)
 k - a wand of disintegration (11/24)
 m - a wand of flame (40/48)
 u - a wand of enslavement (11/24)
 v - a wand of enslavement (10/24)
 w - a wand of flame (20/48)
 z - a wand of acid (6/15)
 A - a wand of random effects (22/48)
 B - a wand of polymorph (13/24)
 C - a wand of iceblast (8/15)
 D - a wand of polymorph (19/24)
 P - a wand of paralysis (14/24)
Scrolls
 g - a scroll of fear
 j - a scroll of teleportation
 l - 6 scrolls of identify
 o - 5 scrolls of remove curse
 s - a scroll of recharging
 y - a scroll of magic mapping
 I - 2 scrolls of silence
 W - a scroll of enchant armour
Potions
 d - a potion of heal wounds
 q - 3 potions of curing
 F - a potion of cure mutation
 H - a potion of resistance
 J - 3 potions of flight
 K - a potion of cancellation
 N - a potion of ambrosia
Books
 c - a Young Poisoner's Handbook

   Spells                             Type                      Level
   a - Sting                          Conjuration/Poison           1
   b - Cure Poison                    Poison                       2
   c - Mephitic Cloud                 Conjuration/Poison/Air       3
   d - Olgreb's Toxic Radiance        Poison                       4
   e - Venom Bolt                     Conjuration/Poison           5
   Trog disapproves of the use of such an item.
 V - the Incunabulum of Benedictions
   (You found it in a labyrinth)

   Spells                             Type                      Level
   a - Infusion                       Charms                       1
   b - Repel Missiles                 Charms/Air                   2
   c - Swiftness                      Charms/Air                   2
   d - Iskenderun's Battlesphere      Conjuration/Charms           5
   e - Deflect Missiles               Charms/Air                   6
   Trog disapproves of the use of such an item.
Miscellaneous
 S - an ornate deck of changes
Comestibles
 b - 4 bread rations
 f - 3 beef jerkies
 T - a fruit


   Skills:
 + Level 12.6 Fighting
 + Level 11.4 Short Blades
 + Level 10.5 Dodging
 - Level 3.2 Stealth
 + Level 10.7 Shields


You had 12 spell levels left.
You didn't know any spells.

Dungeon Overview and Level Annotations

Branches:
Dungeon (13/15)            Temple (0/1) D:4            Lair (0/8) D:10
    Orc (0/2) D:9
 Vaults: D:13-14

Altars:
Cheibriados
Dithmenos
Gozag
Kikubaaqudgha
Makhleb
Nemelex Xobeh
Okawaru
Trog
Vehumet
Xom
Yredelemnul
Zin
The Shining One

Shops:
D:5 *   D:8 (

Portals:
Ice
Cave: D:13


Innate Abilities, Weirdness & Mutations

You can breathe blasts of fire.
Your fiery red scales are hard (AC +8).
Your body does not fit into most forms of armour.
Your flesh is heat resistant.
You are cold-blooded and may be slowed by cold attacks.


Message History

You are exhausted.
You feel yourself slow down.
You see here a troll corpse.
The white imp gestures at you. The puff of frost hits you!
* * * LOW HITPOINT WARNING * * *
The slime creature hits you.
* * * LOW HITPOINT WARNING * * *
You hit the slime creature.
The slime creature is lightly wounded.
The slime creature barely misses you.
You puncture the slime creature!
The slime creature is moderately wounded.
The white imp gestures at you. The puff of frost hits you!
You block the slime creature's attack.
You hit the slime creature but do no damage.
The slime creature is moderately wounded.
The white imp gestures at you. The puff of frost hits you!
You die...

#........#.#
#..........#
#........###
####.##### #$#
#.####### #
#.#.....#
....#####.#.....#
......J@5$)..∩..#
....#####........#
. #..........#
##.#..####..
#...## # ##.## .#
#..


You could see a slime creature and a white imp.

Vanquished Creatures
  Rupert (D:12)
  The ghost of Statics the Unseen, a journeyman KoAs of Ashenzari (D:13)
  A minotaur (Lab)
  The ghost of Rationalist the Nimble, a journeyman MiBe of Trog (D:11)
  A centaur warrior (D:13)
  A tengu warrior (D:9)
  Nergalle (D:10)
  2 hill giants
  Pikel (D:8)
  An ugly thing (D:11)
  2 manticores (D:9)
  2 gargoyles
  The ghost of M4edhros the Ducker, a novice FoHu of Gozag (D:7)
  A komodo dragon (D:10)
  A tengu conjurer (D:9)
  A merfolk (D:9)
  5 trolls
  2 two-headed ogres (D:9)
  Prince Ribbit (D:6)
  2 slime creatures (D:11)
  Sigmund (D:6)
  2 vampires
  A shadow (D:11)
  2 wraiths
  2 wyverns (D:9)
  2 hippogriffs
  20 yaks
  2 vampire mosquitoes
  A hungry ghost (D:11)
  3 wargs (D:10)
  The ghost of anything the Shooter, an amateur OpHu (D:3)
  A mottled dragon (D:11)
  Edmund (D:5)
  Duvessa (D:6)
  6 water moccasins
  5 ice beasts
  10 black bears
  3 orc warriors (D:9)
  A phantom (D:6)
  2 sky beasts
  2 necrophages (D:10)
  5 ogres
  9 centaurs
  A crocodile (D:11)
  7 giant frogs
  4 big kobolds
  A wyvern zombie (D:10)
  2 gnoll sergeants (D:9)
  Dowan (D:6)
  5 scorpions
  24 killer bees
  10 wights
  5 electric eels (D:9)
  3 howler monkeys (D:11)
  5 crimson imps
  A giant frog zombie (D:10)
  2 wasp zombies
  3 centaur zombies
  10 hounds
  3 jellies
  9 orc priests
  2 gnoll shamans (D:9)
  Jessica (D:3)
  A giant frog skeleton (D:11)
  2 iguanas
  16 orc wizards
  10 worker ants
  A killer bee zombie (D:10)
  8 sheep (D:9)
  A hound zombie (D:8)
  2 hound skeletons
  A mummy (D:10)
  2 worker ant zombies
  8 gnolls
  12 adders
  A shadow imp (D:6)
  11 white imps (D:13)
  3 adder zombies
  An adder skeleton (D:4)
  8 worms
  3 dart slugs (D:3)
  7 giant geckos
  31 orcs
  2 ball pythons
  3 giant cockroaches
  8 goblins
  6 hobgoblins
  9 jackals
  2 quokkas
  5 bats
  A giant gecko skeleton (D:4)
  8 giant newts
  A jackal skeleton (D:5)
  23 kobolds
  A quokka skeleton (D:4)
  6 rats
415 creatures vanquished.

Vanquished Creatures (others)
  3 slime creatures (D:13)
  A sky beast (D:7)
  A slave (D:8)
  A killer bee (D:8)
  A giant gecko (D:8)
  A giant cockroach (D:7)
  24 plants (D:9)
32 creatures vanquished.

Grand Total: 447 creatures vanquished

Notes
Turn   | Place    | Note
--------------------------------------------------------------
     0 | D:1      | Heskey the Draconian Berserker began the quest for the Orb.
     0 | D:1      | Reached XP level 1. HP: 19/19 MP: 1/1
   289 | D:1      | Reached XP level 2. HP: 20/27 MP: 2/2
   496 | D:1      | Found a glowing golden altar of the Shining One.
   651 | D:2      | Reached skill level 1 in Stealth
   705 | D:2      | Reached ** piety under Trog
   725 | D:2      | Reached skill level 4 in Fighting
   725 | D:2      | Reached XP level 3. HP: 25/33 MP: 3/3
  1143 | D:2      | Reached XP level 4. HP: 22/41 MP: 4/4
  1715 | D:2      | Found a glowing silver altar of Zin.
  1718 | D:2      | Found an opulent altar of Gozag.
  2174 | D:3      | Found a bloodstained altar of Trog.
  2174 | D:3      | Noticed Jessica
  2183 | D:3      | Killed Jessica
  2190 | D:3      | Reached XP level 5. HP: 28/47 MP: 5/5
  2278 | D:3      | Reached skill level 5 in Fighting
  3017 | D:3      | Noticed a centaur
  3032 | D:3      | Killed a centaur
  3032 | D:3      | Reached skill level 1 in Shields
  3032 | D:3      | Reached XP level 6. HP: 21/56 MP: 6/6
  3272 | D:3      | Noticed anything's ghost (amateur OpHu)
  3276 | D:3      | Reached *** piety under Trog
  3299 | D:3      | Killed anything's ghost
  3358 | D:3      | Found a shimmering altar of Xom.
  3512 | D:4      | Found a staircase to the Ecumenical Temple.
  3532 | D:4      | Reached skill level 6 in Fighting
  3755 | D:4      | Received a gift from Trog
  3755 | D:4      | Your scales start taking on a fiery red colour.
  3755 | D:4      | Reached XP level 7. HP: 56/63 MP: 7/7
  3755 | D:4      | Gained mutation: Your flesh is heat resistant. [Red Draconian growth]
  4503 | D:4      | Gained mutation: Your natural rate of healing is unusually fast. [potion of mutation]
  4503 | D:4      | Gained mutation: Your mind is acute. (Int +2) [potion of mutation]
  4504 | D:4      | Lost mutation: Your mind is acute. (Int +2) [potion of cure mutation]
  4504 | D:4      | Lost mutation: Your natural rate of healing is unusually fast. [potion of cure mutation]
  4563 | D:4      | Found a glowing golden altar of the Shining One.
  4572 | D:4      | Found a basalt altar of Yredelemnul.
  4877 | D:4      | Found a snail-covered altar of Cheibriados.
  4883 | D:4      | Found a shadowy altar of Dithmenos.
  4889 | D:4      | Found a sparkling altar of Nemelex Xobeh.
  5146 | D:4      | Noticed an angel
  5181 | D:5      | Entered Level 5 of the Dungeon
  5324 | D:5      | Found Ogisom's Serpentskin Sales.
  5349 | D:5      | Reached skill level 7 in Fighting
  5699 | D:5      | Reached XP level 8. HP: 64/73 MP: 8/8
  5756 | D:5      | Reached skill level 5 in Short Blades
  5862 | D:5      | Noticed Edmund
  5899 | D:5      | Killed Edmund
  6219 | D:5      | Found a burning altar of Makhleb.
  6289 | D:6      | Noticed Prince Ribbit
  6299 | D:6      | Killed Prince Ribbit
  6397 | D:6      | Reached skill level 5 in Dodging
  6803 | D:6      | Noticed Duvessa
  6803 | D:6      | Noticed Dowan
  6846 | D:6      | Noticed Sigmund
  6852 | D:6      | Killed Duvessa
  6867 | D:6      | Reached skill level 8 in Fighting
  6875 | D:6      | Killed Sigmund
  6875 | D:6      | Reached XP level 9. HP: 81/81 MP: 9/9
  6883 | D:6      | Reached skill level 5 in Shields
  7260 | D:6      | Killed Dowan
  7809 | D:7      | Found a sparkling altar of Nemelex Xobeh.
  7844 | D:7      | Found a radiant altar of Vehumet.
  7912 | D:7      | Noticed M4edhros's ghost (novice FoHu)
  7927 | D:7      | Killed M4edhros's ghost
  7955 | D:7      | Reached **** piety under Trog
  8721 | D:8      | Reached skill level 9 in Fighting
  9114 | D:8      | Found Lepunim's Antique Weapon Shoppe.
  9169 | D:8      | Bought a scorched rapier for 180 gold pieces
  9170 | D:8      | Identified the cursed +0 rapier of the Messenger {speed, MR- Int+6 Dex+3} (You bought it in a shop on level 8 of the Dungeon)
  9180 | D:8      | Noticed Pikel
  9186 | D:8      | Killed Pikel
  9186 | D:8      | Reached XP level 10. HP: 91/91 MP: 10/10
  9362 | D:8      | Found an iron altar of Okawaru.
  9783 | D:9      | Reached ***** piety under Trog
 10928 | D:9      | Reached skill level 10 in Fighting
 11721 | D:9      | Found a staircase to the Orcish Mines.
 11904 | D:9      | Noticed a tengu warrior
 11922 | D:9      | Killed a tengu warrior
 12122 | D:9      | Reached XP level 11. HP: 89/101 MP: 11/11
 14355 | D:9      | Found an ancient bone altar of Kikubaaqudgha.
 14622 | D:9      | Received a gift from Trog
 15005 | D:10     | Entered Level 10 of the Dungeon
 15087 | D:10     | Reached skill level 11 in Fighting
 15260 | D:10     | Noticed Nergalle
 15563 | D:10     | Killed Nergalle
 16048 | D:10     | Found a staircase to the Lair.
 16199 | D:10     | Reached skill level 10 in Short Blades
 16852 | D:11     | Noticed Rationalist's ghost (journeyman MiBe)
 16905 | D:11     | Killed Rationalist's ghost
 16905 | D:11     | Reached XP level 12. HP: 58/110 MP: 4/12
 17426 | D:11     | Received a gift from Trog
 17831 | D:11     | Reached skill level 12 in Fighting
 17835 | D:11     | Reached skill level 10 in Shields
 18403 | D:11     | Reached skill level 10 in Dodging
 19073 | D:12     | Found a labyrinth entrance.
 19110 | Lab      | Entered a labyrinth
 20091 | Lab      | Noticed a minotaur
 20111 | Lab      | Killed a minotaur
 20146 | Lab      | Identified the Incunabulum of Benedictions
 20232 | D:12     | Noticed Rupert
 20268 | D:12     | Killed Rupert
 20279 | D:13     | Noticed a centaur warrior
 20297 | D:13     | Killed a centaur warrior
 20590 | D:13     | Noticed Statics's ghost (journeyman KoAs)
 20641 | D:13     | Killed Statics's ghost
 20738 | D:13     | Reached XP level 13. HP: 67/119 MP: 4/13
 20953 | D:13     | Found a frozen archway.
 20998 | D:13     | HP: 4/119 [slime creature (4)]
 21001 | D:13     | Killed from afar by a white imp

Skill      XL: |  1  2  3  4  5  6  7  8  9 10 11 12 |
---------------+-------------------------------------+-----
Stealth        | 1 2 3 |  3.2
Fighting       | 4 5 6 7 8 9 10 11 12 | 12.6
Dodging        | 3 4 5 6 7 9 10 | 10.5
Shields        | 1 2 3 4 6 7 9 10 | 10.7
Short Blades   | 4 6 7 8 10 11 | 11.4

Action                   |  1- 3 |  4- 6 |  7- 9 | 10-12 | 13-15 || total
-------------------------+-------+-------+-------+-------+-------++-------
Melee: Short sword       |   137 |    81 |       |       |       ||   218
       Tailslap          |    18 |    37 |   138 |   307 |     9 ||   509
       Dagger            |       |   217 |   847 |   939 |       ||  2003
       Rapier            |       |       |       |   814 |    56 ||   870
Throw: Tomahawk          |       |       |     8 |     7 |       ||    15
       Throwing net      |       |       |       |     1 |       ||     1
Invok: Berserk           |       |     1 |     8 |    16 |     1 ||    26
       Burn Spellbooks   |       |       |     2 |     1 |       ||     3
       Trog's Hand       |       |       |       |     2 |       ||     2
 Abil: Breathe Fire      |       |       |     3 |     2 |       ||     5
Evoke: Wand              |       |       |       |     1 |       ||     1
  Use: Potion            |       |     4 |     7 |    11 |       ||    22
       Scroll            |       |       |    13 |    13 |       ||    26
 Stab: Sleeping          |     1 |     4 |     4 |    14 |       ||    23
       Distracted        |       |       |     1 |     1 |       ||     2
       Held in net/web   |       |       |       |     2 |       ||     2
  Eat: Chunk             |       |     6 |    13 |    23 |       ||    42
       Bread ration      |       |     1 |       |     2 |       ||     3
       Meat ration       |       |       |     3 |     3 |     1 ||     7
       Beef jerky        |       |       |       |     2 |       ||     2
       Royal jelly       |       |       |       |     1 |       ||     1
       Fruit             |       |       |       |     1 |       ||     1
       Pizza             |       |       |       |     1 |       ||     1
Armor: Skin              |    19 |    51 |   103 |   245 |    13 ||   431
Dodge: Dodged            |    76 |   108 |   214 |   604 |    27 ||  1029
Block: Buckler           |     5 |    18 |    49 |       |       ||    72
       Shield            |       |       |   134 |   851 |    43 ||  1028
